 Dungeon Crawl Stone Soup version 0.30-a0-269-gf0224bf7b6 (webtiles) character file.

Game seed: 1538094646501152477

86 Low2 the Twirler (level 4, 0/45 HPs)
             Began as an Ogre Gladiator on Oct 14, 2022.
             Was an Initiate of Ashenzari.
             Slain by an ogre
             ... wielding a +0 giant club
              (26 damage)
             ... on level 4 of the Dungeon.
             The game lasted 00:07:29 (1357 turns).

Low2 the Twirler (Ogre Gladiator)                   Turns: 1357, Time: 00:07:30

Health: 0/45       AC:  3    Str: 20    XL:     4   Next: 50%
Magic:  4/4        EV: 14    Int:  9    God:    Ashenzari [......]
Gold:   163        SH:  0    Dex: 10    Spells: 3/3 levels left

rFire   . . .      SeeInvis .    a - +0 quarterstaff
rCold   . . .      Faith    .    (shield currently unavailable)
rNeg    . . .      Spirit   .    b - +0 robe
rPois   .          Reflect  .    c - +0 hat
rElec   .          Harm     .    (no cloak)
rCorr   .          Rampage  .    (gloves unavailable)
Will    .....      Clarity  +    (boots unavailable)
Stlth   +.........               (no amulet)
HPRegen 0.27/turn                h - +4 ring of evasion
MPRegen 0.09/turn                (no ring)

@: no status effects
A: large, unfitting armour, tough skin 1, clarity, noise suppression
a: Renounce Religion, Curse Item


You were on level 4 of the Dungeon.
You worshipped Ashenzari.
Ashenzari was noncommittal.
You visited 1 branch of the dungeon, and saw 4 of its levels.

You collected 163 gold pieces.

Inventory:

Hand Weapons
 a - a +0 quarterstaff (weapon)
Missiles
 n - 3 stones (quivered)
Armour
 b - a +0 robe (worn)
 c - a +0 hat (worn)
 j - an orb of energy
Jewellery
 h - a +4 ring of evasion (left hand)
Wands
 d - a wand of quicksilver (11)
Scrolls
 g - 2 scrolls of teleportation
Potions
 e - a potion of curing {unknown}
 f - a potion of mutation
 i - a potion of resistance {unknown}
 k - a potion of attraction {unknown}
 l - a potion of lignification {unknown}
 m - a potion of ambrosia {unknown}


   Skills:
 + Level 3.5 Fighting
 + Level 4.0 Staves
 + Level 2.2 Throwing
 + Level 3.3 Dodging
 + Level 0.4 Stealth


You had 3 spell levels left.
You didn't know any spells.
Your spell library was empty.

Dungeon Overview and Level Annotations

Branches:
Dungeon (4/15)
 Temple: D:4-7

Altars:
Ashenzari
Hepliaklqana
Sif Muna


Innate Abilities, Weirdness & Mutations

You are too large for most types of armour.
You have tough skin. (AC +1)
You possess an exceptional clarity of mind.
You passively dampen the noise of your surroundings.


Message History

Your Staves skill increases to level 4!
You see here a bat corpse.
Found a red potion.
Found a stone staircase leading down.
You see here an orb of energy.
j - an orb of energy
l - a red potion
There is a stone staircase leading down here.
You climb downwards.
Found a stone staircase leading down.
There is a stone staircase leading up here.
Found a golden potion.
Found a leather armour.
m - a golden potion
Found 4 stones.
You see here a +0 leather armour.
You see here a +0 leather armour.
You see here 4 stones.
You see here 4 stones.
You see here a +0 leather armour.
You see here a +0 leather armour.
You see here 4 stones.
You see here 4 stones.
n - 4 stones You see here a +0 leather armour.
An ogre comes into view. It is wielding a +0 giant club.
The ogre shouts!
You thump the ogre!
The ogre is heavily wounded.
The ogre hits you with a +0 giant club!!
You sock the ogre!
The ogre is almost dead.
Throw: 4 stones
Press: ? - help, Q - select action, (/) - cycle Shift-Dir - straight line, f - ogre
Aim: an ogre, wielding a +0 giant club (almost dead, 73% to hit)
You throw a stone. The stone hits the ogre.
The ogre is almost dead.
The ogre hits you with a +0 giant club!!
Ouch! That really hurt!
You die...

######### #.....[.#
#.#####.# #.#####.##
#.##.....# ########
#.##.##..#####......#
#.##.##..##...@O.#
#........##.##.#.#
#....###.##.##.# ..
#.#### #.......# #.#
#.# ####.#### # #.#
#.# #.# ... #.# .....
#.# #.....#


You could see an ogre.

Vanquished Creatures
  3 adders
  2 worms (D:3)
  3 dart slugs (D:1)
  2 orcs (D:2)
  7 endoplasms
  2 giant cockroaches
  4 goblins
  4 hobgoblins
  2 quokkas
  4 ball pythons
  4 bats
  2 frilled lizards (D:1)
  2 kobolds (D:1)
  4 rats
45 creatures vanquished.

Notes
Turn   | Place    | Note
-------+----------+-------------------------------------------
     0 | D:1      | Low2 the Ogre Gladiator began the quest for the Orb.
     0 | D:1      | Reached XP level 1. HP: 22/22 MP: 1/1
   164 | D:1      | Reached XP level 2. HP: 29/29 MP: 2/2
   374 | D:2      | Reached XP level 3. HP: 18/37 MP: 3/3
   507 | D:2      | Found a broken altar of Ashenzari.
   516 | D:2      | Became a worshipper of Ashenzari the Shackled
   558 | D:2      | Gained mutation: You possess an exceptional clarity of
                  | mind. [potion of mutation]
   558 | D:2      | Gained mutation: You passively dampen the noise of your
                  | surroundings. [potion of mutation]
   959 | D:3      | Reached XP level 4. HP: 34/45 MP: 4/4
  1009 | D:3      | Found a hazy altar of Hepliaklqana.
  1142 | D:3      | Found a shimmering blue altar of Sif Muna.
  1217 | D:3      | Reached skill level 4 in Staves
  1354 | D:4      | Noticed an ogre
  1357 | D:4      | Slain by an ogre

Illustrated notes

Levels and vault maps discovered:
D:1:      minmay_arrival_wavy_path, layout_loops_ring
D:2:      layout_loops_ring, basic_altar, minmay_close_crescents
D:3:      layout_rooms, overflow_temple_1_default, amcnicky_altar_gilded,
          mainiacjoe_overflow_catwalk
D:4:      layout_loops_cross, old_standard_altar, kennysheep_mini_moat,
          minmay_temple_entry_glassed_door, hellmonk_ghost_happy_afterlife,
          uniq_menkaure

Skill      XL: |  1  2  3  4 |
---------------+-------------+-----
Dodging        | 3 |  3.3
Fighting       | 3 |  3.5
Staves         | 4 |  4.0
Throwing       | |  2.2
Stealth        | |  0.4

Action                   |  1- 3 |  4- 6 || total
-------------------------+-------+-------++-------
Melee: Quarterstaff      |    89 |    30 ||   119
Throw: Throwing net      |     3 |       ||     3
       Stone             |     8 |     1 ||     9
       Large rock        |     1 |       ||     1
  Use: Scroll            |     3 |       ||     3
       Potion            |     2 |       ||     2
 Stab: Sleeping          |     1 |       ||     1
Armor: Robe              |    25 |     5 ||    30
Dodge: Dodged            |    91 |    27 ||   118

Table legend: (Time is in decaauts)
 A = Elapsed time spent in this place.
 B = Non-inter-level travel time spent in this place.
 C = Inter-level travel time spent in this place.
 D = Time resting spent in this place.
 E = Time spent auto-exploring this place.
 F = Levels seen in this place.
 G = Mean time per level.
                   A        B        C        D        E       F      G
               +--------+--------+--------+--------+--------+-----+--------+
         Total |   1372 |   1372 |      0 |    306 |      0 |   4 |  343.0 |
       Dungeon |   1372 |   1372 |      0 |    306 |      0 |   4 |  343.0 |
               +--------+--------+--------+--------+--------+-----+--------+

Top non-repeatable levels by time:
     D:1: 541 daAuts
     D:2: 415 daAuts
     D:3: 306 daAuts
     D:4: 110 daAuts
